Map: Echo LE (Void)

Players

TYTY (TY) - Winner!

  • Race: Terran Terran
  • League: Diamond
  • Spawn Location: 11:00

Maru

  • Race: Terran Terran
  • League: Diamond
  • Spawn Location: 5:00

Event: WESG 2016 Finals

VOD

Have the link to the VOD?

Description

Time

  • Played on: Jan. 15, 2017, 7:27 p.m.
  • Length: 11:00

All games in this series

Show
View Real Time Build Order
Export as new Build Order

TYTY Terran - Winner!

Build Orders: Reaper Expand, Bio Tank, Banshee Rush 

Get SALT Encoding   

  12  0:01  SCV  
  13  0:13  SCV  
  14  0:17  Supply Depot  
  14  0:25  SCV  
  15  0:30  Refinery  
  15  0:38  SCV  
  16  0:44  Barracks  
  16  0:50  SCV  
  17  1:02  SCV  
  18  1:14  SCV  
  19  1:31  Orbital Command, Reaper  
  20  1:44  Command Center  
  20  1:55  Factory  
  20  1:58  SCV  
  21  2:07  Barracks Reactor, Refinery  
  21  2:11  SCV  
  22  2:17  Supply Depot  
  22  2:23  SCV  
  23  2:39  Hellion, SCV  
  23  2:41  Starport  
  26  2:45  Marine  
  26  2:47  Marine  
  28  2:51  SCV  
  29  3:04  Orbital Command  
  29  3:08  Marine x2  
  29  3:10  SCV  
  31  3:14  Factory Tech Lab  
  31  3:19  Starport Tech Lab  
  32  3:28  SCV  
  32  3:30  SCV  
  34  3:36  Cloaking Field  
  34  3:37  Banshee  
  34  3:40  SCV  
  37  3:43  Marine x2  
  37  3:47  SCV  
  40  3:52  SCV  
  40  3:55  Supply Depot  
  41  3:57  Siege Tank  
  41  3:59  SCV  
  45  4:07  SCV  
  45  4:13  Supply Depot, SCV  
  45  4:16  Marine x2  
  48  4:20  Banshee  
  48  4:23  SCV  
  52  4:25  SCV  
  52  4:32  Siege Tank  
  52  4:35  Marine x2, SCV  
  56  4:41  SCV  
  55  4:47  SCV  
  55  4:52  Marine x2  
  54  4:53  Supply Depot, Barracks  
  54  4:58  SCV  
  54  4:59  SCV  
  58  5:03  Banshee  
  61  5:10  Marine  
  62  5:14  Marine  
  62  5:16  SCV  
  62  5:18  Siege Tank  
  67  5:21  SCV  
  67  5:24  Barracks  
  67  5:28  Marine, SCV  
  70  5:39  Refinery  
  70  5:40  Supply Depot  
  70  5:41  Engineering Bay  
  70  5:48  Barracks Tech Lab  
  70  5:52  Marine x2, SCV  
  70  5:55  Command Center  
  70  6:02  Siege Tank, SCV  
  74  6:04  SCV  
  74  6:06  Marine  
  74  6:07  Stimpack  
  74  6:09  Marine x2  
  78  6:12  Terran Infantry Weapons Level 1, Refinery  
  78  6:14  Engineering Bay  
  78  6:15  SCV  
  78  6:17  Barracks Tech Lab  
  78  6:20  Supply Depot  
  78  6:28  Marine  
  78  6:31  Supply Depot x2  
  78  6:42  Siege Tank  
  78  6:44  Barracks Reactor  
  78  6:45  Marine  
  78  6:46  Marine  
  83  6:48  Missile Turret  
  83  6:51  Combat Shields  
  83  6:54  SCV x2  
  85  6:59  Missile Turret  
  85  7:03  Marine  
  85  7:04  Marine  
  85  7:08  Orbital Command  
  87  7:13  Barracks  
  87  7:14  Barracks  
  87  7:15  Siege Tank  
  90  7:20  Medivac x2  
  90  7:21  Marine  
  95  7:24  Marine x2  
  97  7:34  Terran Infantry Armor Level 1  
  97  7:36  Marine  
  97  7:38  Marine  
  97  7:42  Marine x2  
  98  7:45  Orbital Command  
  98  7:46  Sensor Tower  
  98  7:53  Medivac  
  98  7:54  Medivac, Marine  
  98  7:55  SCV x2  
  98  7:56  Marine  
  106  8:01  Barracks Reactor  
  106  8:07  SCV, Missile Turret  
  106  8:08  SCV  
  106  8:10  SCV  
  109  8:15  Siege Tank, Barracks  
  109  8:16  Barracks  
  109  8:19  SCV  
  111  8:20  Marine x2, SCV  
  111  8:21  Refinery  
  111  8:22  Sensor Tower, Refinery  
  111  8:23  Supply Depot, Marine, SCV  
  111  8:24  Barracks Reactor  
  116  8:27  Supply Depot  
  116  8:32  SCV x2  
  117  8:35  Marine, SCV  
  117  8:36  Marine  
  117  8:37  Marine  
  117  8:38  Marine  
  112  8:43  Marine x2  
  112  8:44  SCV x2  
  112  8:47  SCV  
  117  8:52  Armory  
  117  8:53  Marine  
  117  8:54  Siege Tank  
  121  8:56  SCV x2  
  121  8:59  Marine x3  
  121  9:00  Marine  
  121  9:01  Medivac x2, Marine  
  132  9:07  Barracks Reactor  
  132  9:08  Barracks Reactor  
  133  9:14  Supply Depot  
  133  9:15  Marine x2  
  133  9:16  Marine  
  137  9:19  Sensor Tower  
  132  9:26  Siege Tank  
  132  9:31  Marine x5  
  138  9:33  Marine  
  141  9:39  Marine x2  
  143  9:48  Marine  
  143  9:49  Marine x4  
  143  9:51  Marine x2  
  149  9:53  Supply Depot  
  149  9:54  Supply Depot x2  
  149  10:13  Marine  
  149  10:14  Marine x4  
  149  10:15  Siege Tank, Marine  
  149  10:18  Marine x2  
  149  10:19  Marine x2  
  149  10:20  Medivac x2  
  165  10:25  Marine  
  156  10:32  Marine x4  
  141  10:38  SCV x2  
  141  10:40  Marine x6  
Show
View Real Time Build Order
Export as new Build Order

Maru Terran 

Build Orders: Reaper Expand, MMM Bio 

Get SALT Encoding   

  12  0:00  SCV  
  13  0:12  SCV  
  14  0:16  Supply Depot  
  14  0:24  SCV  
  15  0:29  Refinery  
  15  0:38  SCV  
  16  0:44  Barracks  
  16  0:50  SCV  
  17  1:02  SCV  
  18  1:14  SCV  
  19  1:31  Orbital Command, Reaper  
  20  1:40  Command Center  
  20  1:50  Factory  
  20  1:56  SCV  
  20  1:59  Refinery  
  21  2:06  Barracks Reactor  
  21  2:08  SCV  
  21  2:14  Supply Depot  
  22  2:20  SCV  
  23  2:32  SCV  
  23  2:36  Hellion  
  25  2:40  Starport  
  25  2:43  Marine x2  
  27  2:45  SCV  
  28  2:57  SCV  
  29  3:11  SCV  
  30  3:17  Supply Depot  
  30  3:21  Marine  
  30  3:26  Medivac, Marine, Cyclone, SCV  
  38  3:30  Orbital Command  
  37  3:39  Marine  
  38  3:42  SCV  
  38  3:44  Marine  
  40  3:55  SCV  
  41  3:57  Marine  
  41  4:02  Factory Tech Lab, Marine  
  43  4:06  SCV  
  43  4:09  Starport Reactor  
  44  4:11  Barracks  
  44  4:12  SCV  
  44  4:13  Barracks  
  45  4:18  SCV  
  46  4:28  SCV  
  46  4:29  Factory Tech Lab  
  46  4:30  Supply Depot  
  45  4:32  Marine  
  45  4:33  Stimpack, SCV  
  45  4:36  Engineering Bay  
  47  4:40  SCV  
  47  4:50  SCV  
  46  4:53  Siege Tank, Marine, SCV  
  46  4:57  Refinery  
  51  5:00  Starport Reactor  
  51  5:01  Viking  
  51  5:03  SCV  
  51  5:05  Missile Turret  
  51  5:06  Marine x2  
  54  5:13  Marine x2  
  54  5:17  SCV  
  54  5:19  Marine  
  54  5:21  SCV  
  54  5:24  Marine  
  54  5:27  Marine  
  55  5:30  Marine  
  52  5:48  Missile Turret  
  50  5:51  SCV  
  50  5:53  SCV  
  52  5:57  Terran Infantry Weapons Level 1  
  52  5:58  Supply Depot  
  52  6:03  SCV  
  50  6:05  SCV  
  50  6:09  Starport Reactor  
  50  6:10  Marine x2  
  50  6:11  Marine  
  54  6:17  SCV  
  55  6:19  Refinery  
  55  6:20  SCV  
  55  6:24  Marine  
  55  6:25  Siege Tank  
  60  6:26  Marine  
  60  6:31  SCV  
  60  6:32  Supply Depot  
  62  6:33  SCV  
  62  6:39  Combat Shields, Marine  
  63  6:40  Marine  
  63  6:43  SCV  
  63  6:45  SCV  
  63  6:46  Marine x3  
  70  6:54  Medivac  
  70  6:55  SCV  
  70  6:57  Marine, SCV  
  75  7:02  Refinery  
  75  7:06  Marine x2  
  75  7:07  Supply Depot  
  75  7:08  SCV  
  78  7:11  Supply Depot  
  78  7:23  Supply Depot  
  78  7:28  Medivac  
  78  7:29  Siege Tank, SCV x2  
  85  7:30  Marine  
  85  7:33  Marine x4  
  90  7:41  SCV x2  
  92  7:45  Supply Depot  
  92  7:46  Medivac  
  94  7:52  Marine x2  
  94  7:56  Marine x3  
  99  7:58  Medivac  
  101  8:10  Marine  
  101  8:11  Terran Infantry Armor Level 1  
  101  8:18  Command Center, SCV x2  
  103  8:30  Marine x3  
  103  8:32  SCV x2  
  87  8:43  Marine  
  87  8:45  Supply Depot, Medivac x2, Command Center  
  91  8:56  SCV  
  91  8:59  Armory  
  91  9:00  Siege Tank, Marine  
  91  9:01  Engineering Bay, Marine  
  97  9:08  SCV  
  97  9:09  SCV  
  99  9:14  Marine x2  
  99  9:15  Marine  
  102  9:18  Marine  
  103  9:28  Marine  
  104  9:32  Siege Tank  
  104  9:33  Barracks  
  104  9:34  Barracks  
  104  9:36  SCV x2  
  109  9:44  Marine  
  109  9:45  Marine  
  111  9:55  Medivac, Marine x2  
  111  9:56  Medivac  
  117  10:02  SCV  
  117  10:06  Supply Depot  
  118  10:09  Sensor Tower  
  117  10:21  Marine x2  
  115  10:26  Marine x2  
  115  10:28  SCV  
  94  10:34  Marine  
  72  10:46  SCV x2  
Tags
 
Add a new tag
Caveats
  • Supply blocks, unpowered buildings, or Contaminate may cause inaccurate times.
  • Supply counts are checked every 10 seconds.